General information
- name: BNet
- type: Ladder team game (AT/RT)
- host: Battle.net
- saver: brucewillisusa
map: Mur'gulOasis
- players: 8
- length: 04:11
- speed: Fast
- version: 1.24 W3XP
- replay type: Public
» download(29 KB)
Players
team 1 (winner)

»
saichobob. (
red | 52 APM | 218 actions | 04:11)
1 Death Knight
1 Death Coil
» actions
| Assign group hotkey | 5 | |
| Basic commands | 11 | |
| Build / train | 15 | |
| Enter build submenu | 12 | |
| Enter hero's abilities submenu | 1 | |
| Remove unit from queue | 1 | |
| Right click | 59 | |
| Select / deselect | 73 | |
| Select group hotkey | 31 | |
| Use ability | 10 | |
218 total
» units
| Acolyte | 2 | |
| Ghoul | 2 | |
| Crypt Fiend | 4 | |
8 total
» buildings
| Crypt | 1 | |
| Ziggurat | 3 | |
| Graveyard | 1 | |
| Altar of Darkness | 1 | |
| Nerubian Tower | 1 | |
| Tomb of Relics | 1 | |
| Spirit Tower | 2 | |
10 total
» build order
00:24 Crypt
00:27 Ziggurat
00:53 Graveyard
00:58 Altar of Darkness
01:14 Ziggurat
02:04 Nerubian Tower
02:30 Tomb of Relics
03:51 Ziggurat
04:09 Spirit Tower
LEG_L (
green | 163 APM | 683 actions | 04:11)
2 Death Knight
1 Death Coil
1 Unholy Aura
» actions
| Assign group hotkey | 9 | |
| Basic commands | 13 | |
| Build / train | 12 | |
| Enter build submenu | 11 | |
| Enter hero's abilities submenu | 2 | |
| Right click | 159 | |
| Select / deselect | 96 | |
| Select group hotkey | 363 | |
| Use ability | 18 | |
683 total
» units
| Acolyte | 2 | |
| Ghoul | 1 | |
| Crypt Fiend | 5 | |
8 total
» buildings
| Graveyard | 1 | |
| Crypt | 1 | |
| Altar of Darkness | 1 | |
| Ziggurat | 5 | |
| Tomb of Relics | 1 | |
9 total
» build order
00:06 Graveyard
00:09 Crypt
00:45 Altar of Darkness
01:00 Ziggurat
01:32 Tomb of Relics
02:04 Ziggurat
02:08 Ziggurat
02:12 Ziggurat
03:41 Ziggurat
» items
Kelraz (
orange | 39 APM | 162 actions | 04:11)
2 Archmage
1 Summon Water Elemental
1 Brilliance Aura
» actions
| Assign group hotkey | 4 | |
| Basic commands | 8 | |
| Build / train | 19 | |
| Enter build submenu | 11 | |
| Enter hero's abilities submenu | 2 | |
| Right click | 33 | |
| Select / deselect | 53 | |
| Select group hotkey | 19 | |
| Use ability | 13 | |
162 total
» units
» buildings
| Altar of Kings | 1 | |
| Farm | 4 | |
| Barracks | 1 | |
| Scout Tower | 2 | |
| Keep | 1 | |
| Arcane Tower | 1 | |
| Blacksmith | 1 | |
| Lumber Mill | 1 | |
12 total
» build order
00:10 Altar of Kings
00:25 Farm
00:54 Barracks
01:04 Farm
01:40 Farm
02:21 Scout Tower
02:46 Keep
02:57 Arcane Tower
03:06 Farm
03:40 Blacksmith
03:57 Scout Tower
04:04 Lumber Mill
Jbilla (
pink | 40 APM | 166 actions | 04:11)
1 Blademaster
1 Wind Walk
» actions
| Build / train | 16 | |
| Enter build submenu | 8 | |
| Enter hero's abilities submenu | 1 | |
| Right click | 76 | |
| Select / deselect | 54 | |
| Use ability | 11 | |
166 total
» units
» upgrades
» buildings
| Altar of Storms | 1 | |
| Orc Burrow | 4 | |
| Barracks | 1 | |
| War Mill | 1 | |
| Voodoo Lounge | 1 | |
8 total
» build order
00:23 Altar of Storms
00:37 Orc Burrow
00:51 Barracks
01:23 War Mill
02:01 Orc Burrow
02:21 Voodoo Lounge
02:50 Orc Burrow
03:46 Orc Burrow
team 2 (loser)

»
brucewillisusa (
teal | 41 APM | 174 actions | 04:11)
1 Goblin Tinker
1 Pocket Factory
» actions
| Assign group hotkey | 27 | |
| Build / train | 14 | |
| ESC pressed | 2 | |
| Enter build submenu | 7 | |
| Enter hero's abilities submenu | 1 | |
| Right click | 38 | |
| Select / deselect | 38 | |
| Select group hotkey | 32 | |
| Use ability | 15 | |
174 total
» units
» buildings
| Crypt | 2 | |
| Ziggurat | 3 | |
| Altar of Darkness | 1 | |
6 total
» build order
00:13 Crypt
00:19 Crypt
00:37 Ziggurat
00:57 Ziggurat
01:34 Altar of Darkness
03:18 Ziggurat
HiThereSunshine (
yellow | 67 APM | 280 actions | 04:11)
1 Crypt Lord
1 Carrion Beetles
» actions
| Assign group hotkey | 9 | |
| Build / train | 15 | |
| Enter build submenu | 6 | |
| Enter hero's abilities submenu | 1 | |
| Right click | 113 | |
| Select / deselect | 59 | |
| Select group hotkey | 70 | |
| Use ability | 7 | |
280 total
» units
» buildings
| Crypt | 1 | |
| Graveyard | 1 | |
| Altar of Darkness | 1 | |
| Ziggurat | 2 | |
| Tomb of Relics | 1 | |
| Nerubian Tower | 1 | |
7 total
» build order
00:06 Crypt
00:08 Graveyard
00:40 Altar of Darkness
00:57 Ziggurat
01:29 Ziggurat
01:47 Tomb of Relics
02:11 Nerubian Tower
» items
Iusehumanwell (
blue | 57 APM | 240 actions | 04:11)
1 Death Knight
1 Death Coil
» actions
| Assign group hotkey | 6 | |
| Build / train | 12 | |
| Enter build submenu | 9 | |
| Enter hero's abilities submenu | 1 | |
| Right click | 95 | |
| Select / deselect | 38 | |
| Select group hotkey | 72 | |
| Use ability | 7 | |
240 total
» units
» buildings
| Crypt | 1 | |
| Altar of Darkness | 1 | |
| Ziggurat | 2 | |
| Tomb of Relics | 1 | |
| Graveyard | 1 | |
| Halls of the Dead | 1 | |
7 total
» build order
00:07 Crypt
00:10 Altar of Darkness
00:34 Ziggurat
00:56 Tomb of Relics
01:27 Graveyard
02:06 Ziggurat
03:34 Halls of the Dead
» items
erdaad (
purple | 61 APM | 254 actions | 04:09)
1 Paladin
1 Holy Light
» actions
| Assign group hotkey | 18 | |
| Basic commands | 12 | |
| Build / train | 19 | |
| Enter build submenu | 11 | |
| Enter hero's abilities submenu | 1 | |
| Right click | 27 | |
| Select / deselect | 33 | |
| Select group hotkey | 121 | |
| Use ability | 12 | |
254 total
» units
» buildings
| Altar of Kings | 1 | |
| Farm | 5 | |
| Barracks | 1 | |
| Scout Tower | 1 | |
| Arcane Vault | 1 | |
| Arcane Tower | 1 | |
| Blacksmith | 1 | |
11 total
» build order
00:21 Altar of Kings
00:37 Farm
00:51 Barracks
01:13 Farm
01:49 Scout Tower
01:51 Farm
01:57 Arcane Vault
02:27 Arcane Tower
02:34 Farm
03:37 Blacksmith
03:40 Farm
» items
Chat log
(00:04 / Allies) brucewillisusa: 3x ghoul rush?
(00:08 / Allies) brucewillisusa: answer fast
(00:10 / Allies) HiThereSunshine: ya
(00:15 / Allies) Iusehumanwell: k
(00:16 / Allies) erdaad: hello
(00:21 / Allies) brucewillisusa: DO NOT tech
(00:23 / Allies) brucewillisusa: just go GHOULS only
(00:30 / Allies) HiThereSunshine: every1 diff hero
(00:30 / Allies) brucewillisusa: i also suggest get tinker and factory, but thats not mandatory
(00:31 / Allies) HiThereSunshine: i go cl
(00:32 / Allies) brucewillisusa: ill get tinker
(00:42 / Allies) HiThereSunshine: some1 dl
(00:44 / Allies) HiThereSunshine: for aura
(00:48 / Allies) brucewillisusa: aura is overrated
(00:50 / Allies) brucewillisusa: its like 2 hp healing
(00:52 / Allies) brucewillisusa: per hit
(01:01 / Allies) HiThereSunshine: with all our ghouls
(01:05 / Allies) HiThereSunshine: thats 200 hp a second
(01:07 / Allies) brucewillisusa: when a ghoul isnt focused
(01:09 / Allies) brucewillisusa: it doesnt need heal
(01:11 / Allies) brucewillisusa: when it is focused
(01:13 / Allies) brucewillisusa: 2 hp is shit
(01:22 / Allies) HiThereSunshine: hit
(01:35 / Allies) Iusehumanwell: so mathmatical
(01:37 / Allies) brucewillisusa: go all out on ghoul rush
(01:39 / Allies) brucewillisusa: cuz if it fails
(01:41 / Allies) brucewillisusa: we will lose hard
(01:42 / Allies) brucewillisusa: even if u teched
(01:51 / Allies) HiThereSunshine: agree
(01:57 / Allies) HiThereSunshine: ill garg after
(02:04 / Allies) brucewillisusa: i an unsummoning after
(02:10 / Allies) brucewillisusa: its win with ghouls or gg
(02:15 / Allies) HiThereSunshine: i can tell
(02:20 / Allies) Iusehumanwell: meet
(02:20 / Allies) HiThereSunshine: ur one of those shit cry babys
(02:27 / Allies) HiThereSunshine: no we htting beside purple
(02:31 / Allies) brucewillisusa: ic an tell ur one of those guys who makes 3 ghouls then says "i did rush"
(02:41 / Allies) HiThereSunshine: ok lets c who has the biggest army then
(03:05 / Allies) erdaad: blue, why're you following me?
(03:08 / Allies) brucewillisusa: go now
(03:09 / Allies) brucewillisusa: all go now
(03:10 / Allies) brucewillisusa: bottom
(03:12 / Allies) brucewillisusa: top guy just tp
(03:22 / Allies) HiThereSunshine: chill
(03:24 / Allies) brucewillisusa: all go
(03:34 / Allies) HiThereSunshine: meet every1
(03:37 / Allies) brucewillisusa: lol
(03:49 / Allies) brucewillisusa: ITS ALL OR NOTHING
(03:49 / Allies) brucewillisusa: NOW
(03:52 / Allies) brucewillisusa: GOGOGOGOGOG
(03:56 / Allies) Iusehumanwell: you stupid
(03:58 / Allies) erdaad: what're you doing eal?
(04:06 / Allies) erdaad: ok, i call that nothing, later.